 Dungeon Sprint DCSS version 0.29-a0-113-g078de9bc30 (webtiles) character file.

Game seed: 17784697329853095775

76786 mhtbhm the Skullcrusher (level 15, -2/174 HPs)
             Began as a Grey Draconian Berserker on Feb 19, 2022.
             Was the Champion of Trog.
             Killed from afar by a nagaraja (18 damage)
             ... with a bolt of poison
             ... in the Dungeon (Sprint IX: "|||||||||||||||||||||||||||||").
             The game lasted 00:11:11 (5522 turns).

mhtbhm the Skullcrusher (Grey Draconian Berserker)  Turns: 5522, Time: 00:11:11

Health: -2/174     AC: 21    Str: 30    XL:     15   Next: 13%
Magic:  4/15       EV: 13    Int:  5    God:    Trog [******]
Gold:   23         SH: 20    Dex: 11    Spells: 14/14 levels left

rFire   + + +      SeeInvis +   a - +2 morningstar "Mikh" {venom, rF+ rN+ SInv}
rCold   x . .      Faith    .   F - +0 tower shield
rNeg    + . .      Spirit   .   (armour unavailable)
rPois   .          Reflect  +   s - +0 hat of Cloud Cover {rF+ Regen+ Str-2}
rElec   .          Harm     .   k - +1 cloak
rCorr   .          Rampage  .   j - +3 Mad Mage's Maulers {Infuse+∞ RegenMP Int-3}
Will    +....      NoTele   +   q - +0 pair of boots
Stlth   ++++......              t - amulet of reflection
HPRegen 1.19/turn               n - +6 ring of strength
MPRegen 0.54/turn               A - ring of fire

@: lethally poisoned (-2 -> -32), untranslocatable, on berserk cooldown, slowed,
constricted, very slow
A: AC +14, amphibious, unfitting armour, cold-blooded
a: Renounce Religion, Berserk, Trog's Hand, Brothers in Arms


You were in the Dungeon.
You worshipped Trog.
Trog was exalted by your worship.
You visited 1 branch You collected 1926 gold pieces.
You spent 1903 gold pieces at shops.

Inventory:

Hand Weapons
 a - the +2 morningstar "Mikh" (weapon) {venom, rF+ rN+ SInv}
   (You bought it in a shop in the Dungeon)

   It poisons the flesh of those it strikes.
   rF:        It protects you from fire.
   rN:        It protects you from negative energy.
   SInv:      It lets you see invisible.
 l - a +2 morningstar of holy wrath
 u - a +4 great mace of flaming
 y - a +2 great mace of holy wrath
Missiles
 p - 5 throwing nets
 x - 5 javelins (quivered)
Armour
 j - the +3 Mad Mage's Maulers (worn) {Infuse+∞ RegenMP Int-3}
   (You found it in the Dungeon)

   It empowers its wearer's blows with all of their magic.
   It causes its wearer's magical reserves to regenerate more quickly.
   Int:       It affects your intelligence (-3).
 k - a +1 cloak (worn)
 q - a +0 pair of boots (worn)
 s - the +0 hat of Cloud Cover (worn) {rF+ Regen+ Str-2}
   (You acquired it in the Dungeon)

   Str:       It affects your strength (-2).
   rF:        It protects you from fire.
   Regen:     It increases your rate of health regeneration.
 F - a +0 tower shield (worn)
 K - a +1 pair of gloves
Jewellery
 n - a +6 ring of strength (left hand)
 t - an amulet of reflection (around neck)
 z - a +6 ring of strength
 A - a ring of fire (right hand)
 B - a ring of poison resistance
 G - a +2 ring of slaying
 H - a +4 ring of protection
 I - an amulet of faith
 J - a ring of willpower
Wands
 i - a wand of iceblast (10)
 w - a wand of acid (2)
Scrolls
 g - 6 scrolls of blinking
 o - 6 scrolls of enchant armour
 D - 2 scrolls of fear
 E - 2 scrolls of identify
 L - 4 scrolls of enchant weapon
 M - a scroll of fog
Potions
 b - 5 potions of curing
 c - 6 potions of heal wounds
 d - 3 potions of haste
 e - 4 potions of magic
 f - a potion of berserk rage
 h - a potion of invisibility
 m - 3 potions of might
 r - 3 potions of cancellation
 v - a potion of lignification
 C - 4 potions of mutation


   Skills:
 O Level 27 Fighting
 O Level 27 Maces & Flails
 + Level 4.3 Throwing
 + Level 18.4 Dodging
 + Level 8.4 Stealth
 + Level 10.7 Shields
 + Level 5.5 Evocations


You had 14 spell levels left.
You didn't know any spells.
Your spell library was empty.

Dungeon Overview and Level Annotations

Branches:
Dungeon (1/1)

Altars:
Cheibriados
Dithmenos
Elyvilon
Fedhas
Gozag
Hepliaklqana
Kikubaaqudgha
Makhleb
Nemelex Xobeh
Okawaru
Qazlal
Ru
Sif Muna
Trog
Uskayaw
Vehumet
Wu Jian
Xom
Yredelemnul
Zin
The Shining One
Beogh
Jiyva
Lugonu

Shops:
D ?=(*


Innate Abilities, Weirdness & Mutations

Your dull iron-grey scales are very hard. (AC +14)
You are amphibious.
You cannot fit into any form of body armour.
You are cold-blooded and may be slowed by cold attacks.


Message History

You closely miss the nagaraja.
The nagaraja is heavily wounded.
You feel very sick.
The nagaraja points at you and mumbles some strange words.
The bolt of poison hits you!!
You are more poisoned.
The bolt of poison hits the naga warrior!
The naga warrior hits you with a +0 glaive!!
* * * LOW HITPOINT WARNING * * *
The naga warrior constricts you.
* * * LOW HITPOINT WARNING * * *
The nagaraja hits you with a +0 flail!
* * * LOW HITPOINT WARNING * * *
The nagaraja gestures wildly while chanting.
The nagaraja seems to speed up.
You completely miss the nagaraja.
Your tail-slap misses the nagaraja.
The nagaraja is severely wounded.
You feel extremely sick. The nagaraja hits you with a +0 flail.
* * * LOW HITPOINT WARNING * * *
The naga warrior roars a battlecry!
The naga warrior goes into a battle-frenzy!
The naga warrior constricts you.
* * * LOW HITPOINT WARNING * * *
The nagaraja hits you with a +0 flail!
* * * LOW HITPOINT WARNING * * *
The naga warrior closely misses you. The naga warrior constricts you.
* * * LOW HITPOINT WARNING * * *
Okay, then.
You feel much better.
You feel extremely sick. The nagaraja spits poison at you.
The splash of poison hits you!
You are more poisoned.
* * * LOW HITPOINT WARNING * * *
The guardian serpent coils itself and waves its upper body at you.
The nagaraja casts a spell at you. The bolt of poison hits you!!
You are lethally poisoned!
You die...

▓▓▓▓▓▓▓▓▓▓▓▓▓▓▓▓▓▓
.SNNNNN@N).......▓
▓▓▓▓▓▓▓▓▓▓▓▓▓▓▓▓▓▓▓▓▓▓▓▓▓.▓
..........................▓
▓▓▓▓▓▓▓▓▓▓▓▓▓▓▓▓▓▓▓▓▓▓▓▓▓▓▓
))))......"..'............▓
▓▓▓▓▓▓▓▓▓▓▓▓▓▓▓▓▓▓▓▓▓▓▓▓▓.▓
..........................▓
▓▓▓▓▓▓▓▓▓▓▓▓▓▓▓▓▓▓▓▓▓▓▓▓▓▓▓
........)...().).)).......▓


You could see 2 naga warriors, 2 nagarajas, a guardian serpent, a naga mage
(fast, strong) and a naga (strong).

Vanquished Creatures
  Frederick (D)
  Xtahua (D)
  Rupert (D)
  Frances (D)
  A sphinx (D)
  Agnes (D)
  4 nagarajas (D)
  Louise (D)
  A fire giant (D)
  2 frost giants (D)
  A vault warden (D)
  3 ironbound preservers (D)
  Aizul (D)
  2 stone giants (D)
  2 very ugly things (D)
  An ironbound thunderhulk (D)
  2 bunyips (D)
  An entropy weaver (D)
  A dire elephant (D)
  A spark wasp (D)
  An eleionoma (D)
  A deep elf death mage (D)
  Josephine (D)
  3 yaktaur captains (D)
  A fire dragon (D)
  3 ettins (D)
  An ice dragon (D)
  Harold (D)
  A naga warrior (D)
  A rakshasa (D)
  2 ghost crabs (D)
  An anaconda (D)
  Erica (D)
  4 ogre magi (D)
  A boulder beetle (D)
  3 hydras (D)
  An alligator (D)
  A merfolk avatar (D)
  A centaur warrior (D)
  Urug (D)
  2 hell knights (D)
  2 deep troll shamans (D)
  A shock serpent (D)
  A naga sharpshooter (D)
  An orb spider (D)
  A sea snake (D)
  A naga ritualist (D)
  A deep troll (D)
  A steelbarb worm (D)
  3 wizards (D)
  A harpy (D)
  2 ironbound convokers (D)
  A mana viper (D)
  A deep elf pyromancer (D)
  2 necromancers (D)
  2 orc knights (D)
  An ugly thing (D)
  2 manticores (D)
  A shining eye (shapeshifter) (D)
  3 cyclopes (D)
  An elephant (D)
  A merfolk siren (D)
  A guardian serpent (D)
  2 black mambas (D)
  A vault sentinel (D)
  A gargoyle (D)
  A naga mage (D)
  A water nymph (D)
  3 cane toads (D)
  A tengu conjurer (D)
  A komodo dragon (shapeshifter) (D)
  A polar bear (D)
  8 trolls (D)
  3 merfolk (D)
  3 tarantellas (D)
  A wind drake (D)
  A slime creature (D)
  A jumping spider (D)
  A shadow (D)
  3 wyverns (D)
  A water elemental (D)
  3 yaks (D)
  3 wraiths (D)
  A basilisk (D)
  A redback (D)
  A vampire mosquito (D)
  A warg (D)
  A naga (D)
  2 water moccasins (D)
  A hell hound (D)
  12 orc warriors (D)
  6 wolves (D)
  4 bullfrogs (D)
  A scorpion (D)
  A hound (D)
  2 orc priests (D)
  An iguana (D)
  6 orc wizards (D)
  An adder zombie (D)
  A dart slug (D)
  5 orcs (D)
  A bat skeleton (D)
  A goblin (D)
  A hobgoblin (D)
  A ball python (D)
  A bat (D)
185 creatures vanquished.

Vanquished Creatures (collateral kills)
  A very ugly thing (D)
  A broodmother (D)
  A stone giant (D)
  A great orb of eyes (D)
  A rakshasa (D)
  A hell knight (D)
  A glowing orange brain (D)
  An ironbound convoker (D)
  A necromancer (D)
  A vault sentinel (D)
10 creatures vanquished.

Vanquished Creatures (others)
  A will-o-the-wisp (D)
  A foxfire (D)
2 creatures vanquished.

Grand Total: 197 creatures vanquished

Notes
Turn   | Place    | Note
-------+----------+-------------------------------------------
     0 | D        | mhtbhm the Draconian Berserker began the quest for the Orb.
     0 | D        | Reached XP level 1. HP: 19/19 MP: 1/1
     8 | D        | Reached ** piety under Trog
    85 | D        | Noticed a scorpion
    85 | D        | Noticed a hound
    85 | D        | Noticed an iguana
    91 | D        | Killed an iguana
    92 | D        | Reached skill level 5 in Fighting
    92 | D        | Reached XP level 2. HP: 29/29 MP: 2/2
    92 | D        | Reached XP level 3. HP: 36/36 MP: 3/3
    98 | D        | Reached *** piety under Trog
    99 | D        | Reached skill level 5 in Maces & Flails
   102 | D        | Killed a scorpion
   103 | D        | Reached skill level 5 in Dodging
   103 | D        | Reached XP level 4. HP: 45/45 MP: 4/4
   147 | D        | Found a snail-covered altar of Cheibriados.
   147 | D        | Found a shadowy altar of Dithmenos.
   147 | D        | Found a white marble altar of Elyvilon.
   147 | D        | Found a blossoming altar of Fedhas.
   147 | D        | Found an opulent altar of Gozag.
   148 | D        | Found a hazy altar of Hepliaklqana.
   149 | D        | Found a viscous altar of Jiyva.
   150 | D        | Found an ancient bone altar of Kikubaaqudgha.
   151 | D        | Found a corrupted altar of Lugonu.
   152 | D        | Found a burning altar of Makhleb.
   153 | D        | Found a sparkling altar of Nemelex Xobeh.
   154 | D        | Found an iron altar of Okawaru.
   155 | D        | Found a stormy altar of Qazlal.
   156 | D        | Found a sacrificial altar of Ru.
   157 | D        | Found a shimmering blue altar of Sif Muna.
   158 | D        | Found a bloodstained altar of Trog.
   159 | D        | Found a hide-covered altar of Uskayaw.
   160 | D        | Found a radiant altar of Vehumet.
   161 | D        | Found an ornate altar of the Wu Jian Council.
   168 | D        | Found a shimmering altar of Xom.
   169 | D        | Found a basalt altar of Yredelemnul.
   170 | D        | Found a glowing silver altar of Zin.
   171 | D        | Found a glowing golden altar of the Shining One.
   273 | D        | Noticed a yak
   273 | D        | Noticed a wyvern
   273 | D        | Noticed a vampire mosquito
   273 | D        | Noticed a troll
   279 | D        | Killed a troll
   280 | D        | Reached XP level 5. HP: 39/53 MP: 5/5
   280 | D        | Reached XP level 6. HP: 45/61 MP: 6/6
   282 | D        | Reached **** piety under Trog
   289 | D        | Killed a vampire mosquito
   290 | D        | Reached skill level 10 in Maces & Flails
   291 | D        | Killed a wyvern
   292 | D        | Your scales start taking on a dull iron-grey colour.
   292 | D        | Reached XP level 7. HP: 54/70 MP: 7/7
   453 | D        | Killed a yak
   454 | D        | Reached ***** piety under Trog
   542 | D        | Noticed a slime creature
   542 | D        | Noticed a gargoyle
   542 | D        | Noticed a shadow
   542 | D        | Noticed a deep elf pyromancer
   542 | D        | Noticed a manticore
   542 | D        | Noticed a cyclops
   547 | D        | Killed a cyclops
   548 | D        | Reached skill level 10 in Fighting
   548 | D        | Reached XP level 8. HP: 80/80 MP: 8/8
   552 | D        | Killed a manticore
   556 | D        | Killed a deep elf pyromancer
   562 | D        | Reached XP level 9. HP: 90/90 MP: 9/9
   564 | D        | Killed a gargoyle
   564 | D        | Received a gift from Trog
   565 | D        | Reached skill level 15 in Maces & Flails
   565 | D        | Reached skill level 10 in Dodging
   764 | D        | Noticed a cane toad
   764 | D        | Noticed a black mamba
   765 | D        | Noticed a cane toad
   770 | D        | Killed a black mamba
   771 | D        | Reached skill level 1 in Stealth
   779 | D        | Killed a cane toad
   786 | D        | Killed a cane toad
   792 | D        | Received a gift from Trog
   793 | D        | Reached XP level 10. HP: 98/101 MP: 10/10
   798 | D        | Reached ****** piety under Trog
   929 | D        | Noticed an elephant
   929 | D        | Noticed a black mamba
   934 | D        | Killed a black mamba
   939 | D        | Noticed a seven-headed hydra
   941 | D        | Noticed a cane toad
   951 | D        | Killed an elephant
   956 | D        | Killed a seven-headed hydra
   961 | D        | Killed a cane toad
  1168 | D        | Received a gift from Trog
  1173 | D        | Reached skill level 15 in Fighting
  1228 | D        | Noticed Josephine
  1231 | D        | Noticed Erica
  1247 | D        | Killed Josephine
  1247 | D        | Received a gift from Trog
  1248 | D        | Reached XP level 11. HP: 113/113 MP: 11/11
  1259 | D        | Killed Erica
  1417 | D        | Noticed an orc knight
  1430 | D        | Killed an orc knight
  1436 | D        | Received a gift from Trog
  1627 | D        | Noticed an orc knight
  1628 | D        | Received a gift from Trog
  1734 | D        | Killed an orc knight
  2118 | D        | Found Isuopaes's Assorted Antiques.
  2118 | D        | Noticed an ogre mage
  2118 | D        | Noticed an ogre mage
  2119 | D        | Noticed a deep troll
  2120 | D        | Received a gift from Trog
  2126 | D        | Found Rudam's Weapon Shop.
  2127 | D        | Noticed a stone giant
  2129 | D        | Killed an ogre mage
  2133 | D        | Killed an ogre mage
  2134 | D        | Found Odaw's Jewellery Boutique.
  2140 | D        | Killed a stone giant
  2140 | D        | Received a gift from Trog
  2142 | D        | Killed a deep troll
  2145 | D        | Found Iboirph's Magic Scroll Shop.
  2147 | D        | Noticed an ogre mage
  2288 | D        | Noticed an ogre mage
  2298 | D        | Killed an ogre mage
  2305 | D        | Killed an ogre mage
  2305 | D        | Received a gift from Trog
  2306 | D        | Reached XP level 12. HP: 128/128 MP: 12/12
  2346 | D        | Bought a scroll of acquirement for 728 gold pieces
  2346 | D        | Bought a scroll of blinking for 105 gold pieces
  2348 | D        | Bought an amulet of reflection for 360 gold pieces
  2352 | D        | Bought a scroll of blinking for 195 gold pieces
  2355 | D        | Bought the +2 morningstar "Mikh" {venom, rF+ rN+ SInv} for
                  | 446 gold pieces
  2364 | D        | Acquired the +0 hat of Cloud Cover {rF+ Regen+ Str-2}
  2376 | D        | Bought 2 pink potions for 46 gold pieces
  2376 | D        | Bought a bubbling yellow potion for 23 gold pieces
  2430 | D        | Noticed Harold
  2440 | D        | Killed Harold
  2447 | D        | Noticed Urug
  2455 | D        | Killed Urug
  2498 | D        | Found the +8 autumn katana {vorpal, manifold assault}
  2544 | D        | Noticed a centaur warrior
  2544 | D        | Noticed a boulder beetle
  2604 | D        | Killed a boulder beetle
  2608 | D        | Noticed a fire dragon
  2651 | D        | Noticed an ettin
  2654 | D        | Noticed a stone giant
  2655 | D        | Received a gift from Trog
  2658 | D        | Killed a centaur warrior
  2659 | D        | Reached skill level 1 in Shields
  2662 | D        | Noticed a rakshasa
  2670 | D        | Killed a fire dragon
  2674 | D        | Killed an ettin
  2677 | D        | Killed a stone giant
  2678 | D        | Reached skill level 5 in Stealth
  2683 | D        | Killed a rakshasa
  2683 | D        | Received a gift from Trog
  2685 | D        | Noticed a deep troll shaman
  2696 | D        | Killed a deep troll shaman
  2778 | D        | Noticed Aizul
  2794 | D        | Killed Aizul
  3018 | D        | Noticed a naga warrior
  3021 | D        | Received a gift from Trog
  3022 | D        | Noticed an anaconda
  3031 | D        | Reached XP level 13. HP: 141/141 MP: 13/13
  3040 | D        | Received a gift from Trog
  3234 | D        | Noticed a broodmother
  3244 | D        | Noticed an entropy weaver
  3247 | D        | Received a gift from Trog
  3271 | D        | Killed a broodmother
  3413 | D        | Reached skill level 5 in Shields
  3416 | D        | Killed an entropy weaver
  3465 | D        | Received a gift from Trog
  3469 | D        | Reached skill level 1 in Evocations
  3480 | D        | Received a gift from Trog
  3658 | D        | Noticed a bunyip
  3669 | D        | Killed a bunyip
  3670 | D        | Noticed a bunyip
  3671 | D        | Noticed an eleionoma
  3681 | D        | Received a gift from Trog
  3684 | D        | Killed a bunyip
  3687 | D        | Killed an eleionoma
  3765 | D        | Noticed Frances
  3771 | D        | Killed Frances
  3804 | D        | Noticed Agnes
  3809 | D        | Killed Agnes
  3809 | D        | Received a gift from Trog
  3835 | D        | Noticed Rupert
  3840 | D        | Killed Rupert
  3841 | D        | Reached skill level 15 in Dodging
  3919 | D        | Noticed an ettin
  3919 | D        | Noticed a stone giant
  3919 | D        | Noticed a frost giant
  3925 | D        | Killed a frost giant
  3925 | D        | Paralysed by a floating eye for 2 turns
  3940 | D        | Killed a stone giant
  3940 | D        | Received a gift from Trog
  3946 | D        | Reached XP level 14. HP: 151/157 MP: 14/14
  4260 | D        | Noticed a brown very ugly thing
  4269 | D        | Killed a brown very ugly thing
  4296 | D        | Received a gift from Trog
  4335 | D        | Noticed a frost giant
  4342 | D        | Killed a frost giant
  4377 | D        | Noticed a fire giant
  4387 | D        | Killed a fire giant
  4404 | D        | Received a gift from Trog
  4571 | D        | Noticed an ironbound preserver
  4571 | D        | Noticed a vault warden
  4571 | D        | Noticed a purple very ugly thing
  4573 | D        | Noticed an ironbound preserver
  4577 | D        | Killed a purple very ugly thing
  4580 | D        | Noticed an ironbound preserver
  4589 | D        | Killed a vault warden
  4589 | D        | Identified the +6 quarterstaff "Rexuxkew" {vorpal, rElec
                  | rCorr} (Trog gifted it to you in the Dungeon)
  4589 | D        | Received a gift from Trog
  4593 | D        | Reached skill level 27 in Maces & Flails
  4594 | D        | Killed an ironbound preserver
  4596 | D        | Received a gift from Trog
  4603 | D        | Killed an ironbound preserver
  4604 | D        | Noticed an ironbound thunderhulk
  4609 | D        | Killed an ironbound preserver
  4613 | D        | Noticed a cyan very ugly thing
  4615 | D        | Killed an ironbound thunderhulk
  4615 | D        | Received a gift from Trog
  4622 | D        | Noticed a sphinx
  4634 | D        | Killed a cyan very ugly thing
  4635 | D        | Received a gift from Trog
  4740 | D        | Paralysed by a sphinx for 3 turns
  4743 | D        | Killed a sphinx
  4753 | D        | Received a gift from Trog
  4761 | D        | Reached skill level 1 in Throwing
  4764 | D        | Received a gift from Trog
  4991 | D        | Noticed Louise
  4994 | D        | Noticed Frederick
  4995 | D        | Noticed Xtahua
  5166 | D        | Killed Frederick
  5167 | D        | Reached skill level 27 in Fighting
  5167 | D        | Reached skill level 10 in Shields
  5180 | D        | Killed Louise
  5184 | D        | Paralysed by Xtahua for 4 turns
  5202 | D        | Killed Xtahua
  5202 | D        | Received a gift from Trog
  5203 | D        | Reached XP level 15. HP: 119/174 MP: 15/15
  5334 | D        | Found the +3 Mad Mage's Maulers {Infuse+∞ RegenMP Int-3}
  5500 | D        | Noticed a nagaraja
  5500 | D        | Noticed a nagaraja
  5500 | D        | Noticed a nagaraja
  5500 | D        | Noticed a nagaraja
  5502 | D        | Noticed a nagaraja
  5505 | D        | Killed a nagaraja
  5506 | D        | Reached skill level 5 in Evocations
  5510 | D        | Killed a nagaraja
  5514 | D        | Killed a nagaraja
  5514 | D        | Received a gift from Trog
  5517 | D        | Killed a nagaraja
  5519 | D        | Noticed a nagaraja
  5521 | D        | HP: 6/174 [constriction (4)]
  5522 | D        | Killed from afar by a nagaraja

Illustrated notes

Levels and vault maps discovered:
D:        linesprint [early_d, line_temple, items_1, d_10, items_2, lair_1,
          lair_end, items_3, orc_1, orc_end, items_4, d_15, swamp_1, shoals_1,
          snake_1, spider_1, d_20, vaults_1, items_5, swamp_end, shoals_end,
          snake_end, spider_end, vaults_end, d_27, items_6, zot_1, zot_end,
          crypt_end, forest_end, elf_end, slime_end, tomb_end, abyss_end,
          pan_hell_end]

Skill      XL: |  1  2  3  4  5  6  7  8  9 10 11 12 13 14 15 |
---------------+----------------------------------------------+-----
Dodging        | 4 5 7 8 9 10 11 12 13 15 17 18 | 18.4
Fighting       | 5 6 8 9 10 11 13 15 18 20 23 27 | 27.0
Maces & Flails | 4 6 9 11 12 14 17 19 21 23 25 27 | 27.0
Stealth        | 1 3 4 5 7 8 |  8.4
Shields        | 3 7 10 | 10.7
Evocations     | 1 4 5 |  5.5
Throwing       | 3 4 |  4.3

Action                   |  1- 3 |  4- 6 |  7- 9 | 10-12 | 13-15 || total
-------------------------+-------+-------+-------+-------+-------++-------
Melee: Mace              |    24 |     2 |       |       |       ||    26
       Punch             |     1 |       |       |       |       ||     1
       Dire flail        |       |    16 |    56 |    84 |       ||   156
       Tailslap          |       |     2 |     8 |    38 |    49 ||    97
       Great mace        |       |       |       |   177 |   261 ||   438
       Morningstar       |       |       |       |       |    16 ||    16
Throw: Javelin           |       |       |       |       |     7 ||     7
       Throwing net      |       |       |       |       |     1 ||     1
Invok: Berserk           |     1 |     1 |     2 |    10 |    10 ||    24
       Brothers in Arms  |       |       |       |       |     6 ||     6
Evoke: Wand              |       |       |       |     1 |     5 ||     6
  Use: Potion            |       |       |       |     1 |     5 ||     6
       Scroll            |       |       |       |     3 |     2 ||     5
 Stab: Distracted        |       |       |       |     1 |     1 ||     2
       Sleeping          |       |       |       |       |     1 ||     1
Armor: Skin              |     6 |     5 |     8 |    38 |    64 ||   121
Dodge: Dodged            |    11 |    14 |    19 |   103 |   115 ||   262
Block: Other             |       |       |       |    11 |    31 ||    42
       Reflection        |       |       |       |       |     1 ||     1
       Tower shield      |       |       |       |       |     9 ||     9

Table legend: (Time is in decaauts)
 A = Elapsed time spent in this place.
 B = Non-inter-level travel time spent in this place.
 C = Inter-level travel time spent in this place.
 D = Time resting spent in this place.
 E = Time spent auto-exploring this place.
 F = Levels seen in this place.
 G = Mean time per level.
                   A        B        C        D        E       F      G
               +--------+--------+--------+--------+--------+-----+--------+
         Total |   5502 |   5502 |      0 |   2426 |   1261 |   1 | 5502.0 |
       Dungeon |   5502 |   5502 |      0 |   2426 |   1261 |   1 | 5502.0 |
               +--------+--------+--------+--------+--------+-----+--------+

Top non-repeatable levels by time:
       D: 5502 daAuts
